 Dungeon Crawl Stone Soup version 0.29-a0-555-g3b24f45cc1 (webtiles) character file.

Game seed: 6337563409533126348

19700 dolemite99 the Cruncher (level 12, 0/104 HPs)
             Began as a Minotaur Gladiator on June 8, 2022.
             Was a High Priest of Fedhas.
             Hit by a javelin thrown by Urug (13 damage)
             ... on level 12 of the Dungeon.
             The game lasted 00:19:45 (15435 turns).

dolemite99 the Cruncher (Minotaur Gladiator)       Turns: 15435, Time: 00:19:46

Health: 0/104      AC: 22    Str: 30    XL:     12   Next: 38%
Magic:  9/18       EV:  9    Int:  5    God:    Fedhas [*****.]
Gold:   610        SH:  0    Dex: 12    Spells: 11/11 levels left

rFire   + . .      SeeInvis .   b - +2 demon whip (venom)
rCold   + . .      Faith    .   (no shield)
rNeg    . . .      Spirit   .   m - +1 plate armour
rPois   .          Reflect  .   A - +1 hat
rElec   .          Harm     .   i - scarf {rC+ rF+}
rCorr   .          Rampage  .   O - +2 pair of gloves
Will    .....                   (no boots)
Stlth   ..........              D - amulet of the acrobat
HPRegen 0.27/turn               c - +4 ring of protection {=R}
MPRegen 0.16/turn               d - +6 ring of strength

@: studying Invocations
A: horns 2, retaliatory headbutt
a: Renounce Religion, Wall of Briars, Grow Ballistomycete, Overgrow, Grow Oklob


You were on level 12 of the Dungeon.
You worshipped Fedhas.
Fedhas was extremely pleased with you.
You visited 1 branch of the dungeon, and saw 12 of its levels.
You also visited: Sewer.

You collected 1192 gold pieces.
You spent 582 gold pieces at shops.

Inventory:

Hand Weapons
 a - a +2 quarterstaff of freezing
 b - a +2 demon whip of venom (weapon)
 k - a +2 dagger of venom
Missiles
 e - 6 javelins
 h - 331 stones
 n - 6 atropa-tipped darts
 s - 44 poisoned darts
 G - 6 boomerangs (quivered)
 I - 3 throwing nets
Armour
 i - a scarf of resistance (worn)
 m - a +1 plate armour (worn)
 y - a +1 cloak
 A - a +1 hat (worn)
 O - a +2 pair of gloves (worn)
 R - a +0 buckler
Magical Staves
 r - a staff of fire
Jewellery
 c - a +4 ring of protection (left hand) {=R}
 d - a +6 ring of strength (right hand)
 l - a +6 ring of strength
 p - a ring of poison resistance
 D - an amulet of the acrobat (around neck)
 J - a ring of ice
 Q - a +6 ring of intelligence
 S - a +4 ring of evasion
Wands
 o - a wand of iceblast (8)
 K - a wand of acid (8)
 M - a wand of flame (29)
Scrolls
 f - 6 scrolls of teleportation
 B - a scroll of magic mapping
 P - 2 scrolls of fog
 T - a scroll of identify {@r1}
Potions
 g - a potion of invisibility {unknown}
 q - 2 potions of mutation {unknown}
 t - a potion of lignification {unknown}
 u - 2 potions of heal wounds {unknown}
 v - 2 potions of curing
 w - 6 potions of attraction
 x - a potion of resistance {unknown}
 z - 3 potions of ambrosia
 C - a potion of flight {unknown}
 E - a potion of might {unknown}
 H - 2 potions of magic {unknown}
 L - 2 potions of berserk rage {unknown}
Miscellaneous
 N - a piece from Xom's chessboard (15/15)


   Skills:
 - Level 9.1 Fighting
 + Level 9.0(10.8) Maces & Flails
 - Level 9.6(11.2) Staves
 - Level 8.6 Throwing
 - Level 7.9 Armour
 - Level 3.2 Dodging
 - Level 4.0 Shields
 + Level 9.5 Invocations
 - Level 7.9 Evocations


You had 11 spell levels left.
You didn't know any spells.
Your spell library contained the following spells:

 Spells                   Type           Power      Damage    Failure   Level
 Freeze                   Ice            0%         1d3       99%         1
 Sandblast                Erth           0%         2d4       99%         1
 Blink                    Tloc           0%         N/A       100%        2
 Ensorcelled Hibernation  Hex/Ice        0%         N/A       100%        2
 Passwall                 Tmut/Erth      0%         N/A       100%        2
 Sublimation of Blood     Necr           0%         N/A       100%        2
 Wereblood                Tmut           0%         N/A       100%        2
 Frozen Ramparts          Ice            0%         1d2       100%        3
 Inner Flame              Hex/Fire       0%         N/A       100%        3
 Lesser Beckoning         Tloc           0%         N/A       100%        3
 Stone Arrow              Conj/Erth      0%         3d7       100%        3
 Swiftness                Air            0%         N/A       100%        3
 Cause Fear               Hex            0%         N/A       100%        4
 Hailstorm                Conj/Ice       0%         3d3       100%        4
 Summon Lightning Spire   Summ/Air       0%         N/A       100%        4
 Manifold Assault         Tloc           0%         N/A       100%        5
 Storm Form               Tmut/Air       0%         N/A       100%        7
 Summon Hydra             Summ           0%         N/A       100%        7
 Discord                  Hex            0%         N/A       100%        8
 Maxwell's Capacitive Co  Air            0%         ∞         100%        8


Dungeon Overview and Level Annotations

Branches:
Dungeon (12/15)            Temple (0/1) D:5            Lair (0/6) D:10
    Orc (0/2) D:10          Sewer (visited)

Altars:
Ashenzari
Cheibriados
Fedhas
Sif Muna
Uskayaw
Vehumet
Wu Jian
Xom
Yredelemnul
The Shining One

Shops:
D:1 :   D:7 (*   D:8 *(

Annotations:
D:3 2 transporters, om's ghost, amateur DjCA
D:12 Urug


Innate Abilities, Weirdness & Mutations

You have a pair of horns on your head.
You reflexively headbutt those who attack you in melee.


Message History

Urug hits your briar patch with a +2 battleaxe!
You swap places.
Two slime creatures merge to form a large slime creature.
You swap places.
Two slime creatures merge to form a very large slime creature.
Two slime creatures merge to form a large slime creature.
What are your orders? t - Shout!
Orders for allies: a - Attack new target. r - Retreat! s - Stop attacking. g - Guard the area. f - Follow me.
Anything else - Cancel.
Guard this area!
Two slime creatures merge to form a titanic slime creature.
Urug adjusts her eyepatch.
Your orc wizard closely misses Urug.
Urug hits your orc wizard with a +2 battleaxe!!
Your orc wizard dies!
Your orc wizard's corpse dissolves into shadows!
Urug hits your orc wizard with a +2 battleaxe!
Your orc wizard closely misses Urug.
Urug throws a javelin.
The javelin pierces through your orc wizard!!
Your orc wizard dies!
Your orc wizard's corpse dissolves into shadows!
The javelin pierces through your four-headed hydra!!
The javelin pierces through your troll!
The javelin pierces through your slime creature!
The javelin closely misses you.
Your orc wizard misses Urug.
What are your orders? t - Shout!
Orders for allies: a - Attack new target. r - Retreat! s - Stop attacking. g - Guard the area. f - Follow me.
Anything else - Cancel.
Guard this area!
Urug throws a javelin.
The javelin pierces through your four-headed hydra!!
The javelin pierces through your troll. The javelin pierces through you!
You die...
Fedhas appreciates your contribution to the ecosystem.

#...........# #.#########.#
#.# #.# #.# #.####
#.#########....#
#..)).....#....####
###############.)...#........
#.§..oD.T........≈..#........
#§P...oJJ...@...≈≈...........
#o###########.....≈.≈).......
#.# ##......#.###.... #.#
########.# #....
#.###################.# #...(
#>..................#.# #....
###################...# #....
##..# ##### ... #..#


You could see Urug (poisoned, ally target), a friendly four-headed hydra
(summoned), a friendly titanic slime creature (summoned), a friendly slime
creature (summoned), a friendly troll (summoned) and a friendly orc wizard
(summoned).

Vanquished Creatures
  3 two-headed ogres
  Amaemon (D:9)
  3 manticores
  2 ugly things (D:12)
  A cyclops (D:12)
  2 gargoyles (D:10)
  An orange demon (D:9)
  2 unseen horrors (D:11)
  4 kobold demonologists
  4 trolls
  2 shadows (D:10)
  4 wyverns
  A yak (shapeshifter) (D:12)
  5 wraiths
  24 yaks
  A basilisk (D:10)
  A steam dragon (D:10)
  2 acid dragons (D:10)
  5 water moccasins
  4 orc warriors
  An ice beast (D:6)
  4 black bears
  2 sky beasts
  3 ogres
  5 centaurs
  2 phantoms
  4 kobold brigands
  4 bullfrogs
  4 gnoll sergeants
  2 scorpions (D:6)
  24 wights
  4 killer bees (D:11)
  4 howler monkeys
  5 hounds
  4 jellies
  6 orc priests
  4 iguanas
  8 orc wizards
  27 gnolls
  13 adders
  A shadow imp (D:6)
  4 white imps
  An ufetubus (D:5)
  5 worms
  2 dart slugs
  32 orcs
  10 ball pythons
  16 endoplasms
  10 giant cockroaches
  7 goblins
  7 hobgoblins
  4 jackals (D:1)
  14 kobolds
  16 quokkas
  8 bats
  13 frilled lizards
  4 rats
  A ballistomycete spore (D:12)
  A butterfly (D:10)
358 creatures vanquished.

Vanquished Creatures (collateral kills)
  2 shadows (D:10)
  2 gnolls (D:4)
  32 ballistomycete spores
36 creatures vanquished.

Vanquished Creatures (others)
  3 ballistomycete spores (D:5)
  A fungus (D:10)
  A plant (D:10)
5 creatures vanquished.

Grand Total: 399 creatures vanquished

Notes
Turn   | Place    | Note
-------+----------+-------------------------------------------
     0 | D:1      | dolemite99 the Minotaur Gladiator began the quest for the
                  | Orb.
     0 | D:1      | Reached XP level 1. HP: 18/18 MP: 0/0
    69 | D:1      | Found Gemyw's Book Emporium.
    94 | D:1      | Reached XP level 2. HP: 25/25 MP: 1/1
   416 | D:1      | Reached skill level 5 in Staves
   440 | D:1      | Reached XP level 3. HP: 25/30 MP: 2/2
   717 | D:1      | Found a faded altar of an unknown god.
   728 | D:1      | Prayed at the altar of an unknown god.
   728 | D:1      | Became a worshipper of Fedhas Madash
   728 | D:1      | Reached * piety under Fedhas
  1107 | D:2      | Reached skill level 1 in Invocations
  1261 | D:2      | Reached XP level 4. HP: 35/37 MP: 2/4
  2114 | D:3      | Found a transporter.
  2123 | D:3      | Reached ** piety under Fedhas
  2354 | D:3      | Reached XP level 5. HP: 42/42 MP: 5/5
  2359 | D:3      | Found a transporter.
  2375 | D:3      | Noticed om's ghost (amateur DjCA)
  2597 | D:3      | Found a glowing drain.
  2619 | Sewer    | Entered a sewer
  2941 | Sewer    | Reached *** piety under Fedhas
  3366 | Sewer    | Reached XP level 6. HP: 47/50 MP: 7/7
  3852 | D:4      | Reached **** piety under Fedhas
  4127 | D:4      | Reached skill level 1 in Evocations
  4803 | D:5      | Entered Level 5 of the Dungeon
  4812 | D:5      | Reached XP level 7. HP: 55/56 MP: 8/8
  5745 | D:5      | Noticed a yak
  5757 | D:5      | Killed a yak
  5758 | D:5      | Reached skill level 5 in Evocations
  5765 | D:5      | Reached XP level 8. HP: 54/62 MP: 5/9
  6840 | D:5      | Found a broken altar of Ashenzari.
  7122 | D:5      | Found a staircase to the Ecumenical Temple.
  7614 | D:6      | Reached XP level 9. HP: 67/68 MP: 4/11
  7617 | D:6      | Reached skill level 5 in Invocations
  8311 | D:7      | Found Feacirhiwn's Elemental Accessories.
  8318 | D:7      | Bought a wand of iceblast (5) for 108 gold pieces
  8545 | D:7      | Found Houhypu's Weapon Boutique.
  8669 | D:7      | Reached skill level 5 in Armour
  9114 | D:8      | Found a hide-covered altar of Uskayaw.
  9146 | D:8      | Found Cirofimu's Antique Weapon Shop.
  9229 | D:8      | Reached XP level 10. HP: 59/74 MP: 8/13
  9607 | D:8      | Found Loqyux's Neck Hole.
  9865 | D:9      | Reached ***** piety under Fedhas
 10006 | D:9      | Noticed Amaemon
 10006 | D:9      | Noticed an orange demon
 10010 | D:9      | Killed an orange demon
 10011 | D:9      | Reached skill level 5 in Throwing
 10011 | D:9      | Killed Amaemon
 10317 | D:9      | Found a basalt altar of Yredelemnul.
 10321 | D:9      | Found a snail-covered altar of Cheibriados.
 10321 | D:9      | Found an ornate altar of the Wu Jian Council.
 10322 | D:9      | Found a radiant altar of Vehumet.
 10324 | D:9      | Found a glowing golden altar of the Shining One.
 10686 | D:9      | Reached XP level 11. HP: 80/80 MP: 14/14
 11032 | D:9      | Found a shimmering blue altar of Sif Muna.
 11201 | D:8      | Bought a scarf of resistance for 416 gold pieces
 11201 | D:8      | Bought a +0 cloak for 58 gold pieces
 11277 | D:10     | Entered Level 10 of the Dungeon
 11305 | D:10     | Found a shimmering altar of Xom.
 11557 | D:10     | Reached skill level 5 in Fighting
 11669 | D:10     | Found a staircase to the Lair.
 12040 | D:10     | Found a staircase to the Orcish Mines.
 12182 | D:10     | Noticed a two-headed ogre
 12194 | D:10     | Killed a two-headed ogre
 12887 | D:10     | Reached skill level 1 in Maces & Flails
 12887 | D:10     | Reached skill level 1 in Shields
 13978 | D:11     | Reached ****** piety under Fedhas
 13979 | D:11     | Reached skill level 5 in Maces & Flails
 14207 | D:11     | Noticed a two-headed ogre
 14213 | D:11     | Killed a two-headed ogre
 14214 | D:11     | Reached XP level 12. HP: 90/104 MP: 15/15
 14220 | D:11     | Identified a scroll of acquirement
 14220 | D:11     | Acquired a manual of Invocations
 15335 | D:12     | Noticed a two-headed ogre
 15359 | D:12     | Noticed Urug
 15360 | D:12     | Killed a two-headed ogre
 15435 | D:12     | Hit by a javelin thrown by Urug

Illustrated notes

Levels and vault maps discovered:
D:1:      psy_arrival_spokes, layout_basic,
          dreamdust_ecumenical_altar_hidden_monk_grotto, serial_shops,
          nicolae_shop_statue_plus, minivault_11, hangedman_decor_peaks_small,
          serial_park_tiny_2
D:2:      layout_loops_corners
D:3:      layout_basic, gammafunk_ghost_stat_death, cheibrodos_sewer_entry_bend
D:4:      layout_loops_cross, lightli_minifort
D:5:      cheibrodos_fzero, layout_layer_cave,
          mainiacjoe_overflow_cross_hatched, minmay_temple_entry_antechambers
D:6:      layout_cave_pools
D:7:      layout_basic, serial_shops, nicolae_shop_crystal,
          nicolae_elemental_shop
D:8:      layout_rooms, eat_drink_and_be_merry_uskayaw, serial_shops, shop,
          amcnicky_mini_rare_corridor_liquid, nicolae_shop_sticking_my_neck_out
D:9:      layout_loops_ring, minitemple, mainiacjoe_overflow_six_doors_small,
          uniq_amaemon
D:10:     minmay_polygon_palace, layout_cave_pools, xom_butterflies,
          david_lair_generic, orc_0_dummy
D:11:     layout_stronghold
D:12:     layout_basic, serial_rivers, chequers_serial_rivers_micro_c,
          chequers_serial_rivers_large_a, chequers_serial_rivers_small_3,
          chequers_serial_rivers_micro_c, chequers_serial_rivers_small_b,
          chequers_serial_rivers_small_b, hex_intersection, uniq_urug

Skill      XL: |  1  2  3  4  5  6  7  8  9 10 11 12 |
---------------+-------------------------------------+-----
Staves         | 4 5 6 7 8 9 |  9.6
Invocations    | 1 2 3 4 6 9 |  9.5
Evocations     | 3 5 7 |  7.9
Armour         | 6 7 |  7.9
Throwing       | 8 |  8.6
Fighting       | 9 |  9.1
Maces & Flails | 7 9 |  9.0
Shields        | 4 |  4.0
Dodging        | |  3.2

Action                   |  1- 3 |  4- 6 |  7- 9 | 10-12 || total
-------------------------+-------+-------+-------+-------++-------
Melee: Quarterstaff      |    68 |   215 |   152 |   182 ||   617
       Headbutt          |     9 |    35 |    26 |    67 ||   137
       Dagger            |    10 |       |       |       ||    10
       Unarmed           |       |       |    17 |       ||    17
       Demon whip        |       |       |       |   122 ||   122
       Punch             |       |       |       |     3 ||     3
Throw: Boomerang         |       |       |    13 |   104 ||   117
       Dart              |       |       |       |    93 ||    93
Invok: Wall of Briars    |       |     1 |     2 |     3 ||     6
       Grow Ballistomyce |       |       |     5 |     5 ||    10
Evoke: Wand              |       |     4 |    53 |    29 ||    86
  Use: Potion            |     2 |       |     1 |     2 ||     5
       Scroll            |       |     7 |    11 |    10 ||    28
 Stab: Confused          |       |       |       |     1 ||     1
Armor: Leather armour    |    10 |       |       |       ||    10
       Ring mail         |    17 |     7 |       |       ||    24
       Chain mail        |       |   105 |       |       ||   105
       Plate armour      |       |    25 |   104 |   139 ||   268
Dodge: Dodged            |    43 |   108 |    91 |   144 ||   386

Table legend: (Time is in decaauts)
 A = Elapsed time spent in this place.
 B = Non-inter-level travel time spent in this place.
 C = Inter-level travel time spent in this place.
 D = Time resting spent in this place.
 E = Time spent auto-exploring this place.
 F = Levels seen in this place.
 G = Mean time per level.
                   A        B        C        D        E       F      G
               +--------+--------+--------+--------+--------+-----+--------+
         Total |  15365 |  14793 |    572 |   3780 |   7962 |  13 | 1181.9 |
       Dungeon |  14371 |  13799 |    572 |   3255 |   7854 |  12 | 1197.6 |
         Sewer |    994 |    994 |      0 |    525 |    107 |   1 |  994.0 |
               +--------+--------+--------+--------+--------+-----+--------+

Top non-repeatable levels by time:
     D:5: 2256 daAuts
    D:10: 1976 daAuts
     D:9: 1551 daAuts
     D:4: 1481 daAuts
     D:2: 1246 daAuts
    D:11: 1189 daAuts
   Sewer: 994 daAuts
     D:8: 925 daAuts
     D:1: 818 daAuts
    D:12: 799 daAuts
     D:3: 787 daAuts
     D:7: 688 daAuts
     D:6: 648 daAuts
